 Dungeon Crawl Stone Soup version 0.18.1-48-g4cf74bf (webtiles) character file.

36368 Alarkh the Covert (level 13, 0/88 HPs)
             Began as a Vampire Enchanter on July 19, 2016.
             Was the Champion of Okawaru.
             Slain by a centaur (4 damage)
             ... led by a centaur warrior
             ... on level 13 of the Dungeon on July 20, 2016.
             The game lasted 00:53:54 (17486 turns).

Alarkh the Covert (Vampire Enchanter)              Turns: 17486, Time: 00:53:54

Health: 0/88       AC:  9    Str: 11    XL:     13   Next: 52%
Magic:  22/26      EV: 13    Int: 27    God:    Okawaru [******]
Gold:   1350       SH:  5    Dex: 10    Spells: 4 memorised, 13 levels left

rFire  + . .     SeeInvis +     b - +9 scimitar (flame)
rCold  + . .     Gourm    .     M - +1 leather armour "Gohipiy" {rF+ rN+ Regen+ Dex-5}
rNeg   + + +     Faith    +     P - +1 buckler {reflect}
rPois  +         Spirit   .     E - +2 helmet {Int+3}
rElec  .         Dismiss  .     (no cloak)
rCorr  .         Reflect  +     B - +0 pair of gloves
SustAt .         Harm     .     t - +0 pair of boots
MR     +....     Clarity  +     h - amulet of faith
Stlth  ++++++....               i - ring of the Unkillable {Wiz rPois rN++ Int+4}
                                F - +2 ring of intelligence

@: regenerating slowly, somewhat resistant to hostile enchantments, very
stealthy
A: fangs 3, see invisible, blink, clarity, unbreathing
a: Bat Form, Blink, Heroism, Finesse, Renounce Religion


You were on level 13 of the Dungeon.
You worshipped Okawaru.
Okawaru was exalted by your worship.
You were very thirsty.

You visited 3 branches of the dungeon, and saw 20 of its levels.
You also visited: Labyrinth and Bailey.

You collected 1350 gold pieces.

Inventory:

Hand Weapons
 a - a +4 dagger of venom
 b - a +9 scimitar of flaming (weapon)
Armour
 t - a +0 pair of boots (worn)
 B - a +0 pair of gloves (worn)
 E - a +2 helmet of intelligence (worn)
 M - the +1 leather armour "Gohipiy" (worn) {rF+ rN+ Regen+ Dex-5}
   (You found it on level 8 of the Dungeon)

   It affects your dexterity (-5).
   It protects you from fire.
   It protects you from negative energy.
   It increases your rate of regeneration.
 P - a +1 buckler of reflection (worn)
Magical Staves
 w - an uncursed staff of cold
Jewellery
 g - a +4 amulet of reflection {unknown}
 h - an amulet of faith (around neck)
 i - the ring of the Unkillable (right hand) {Wiz rPois rN++ Int+4}
   (You took it off a minotaur in a labyrinth)

   [ring of wizardry]

   It improves your spell success rate.
   It affects your intelligence (+4).
   It protects you from poison.
   It greatly protects you from negative energy.
 C - an uncursed ring of sustain attributes
 F - a +2 ring of intelligence (left hand)
 T - an uncursed ring of resist corrosion
Wands
 n - a wand of acid (7/15)
 u - a wand of lightning (7/15)
 x - a wand of disintegration (13/24)
 H - a wand of paralysis (9/24)
 K - a wand of iceblast (7/15)
Scrolls
 e - a scroll of fog
 f - 5 scrolls of fear
 k - a scroll of immolation {unknown}
 m - a scroll of holy word {unknown}
 o - 4 scrolls of enchant armour
 r - 10 scrolls of remove curse
 G - a scroll of torment {unknown}
 L - 2 scrolls of recharging {unknown}
 Q - a scroll of summoning
 R - a scroll of brand weapon {unknown}
 U - a scroll of vulnerability {unknown}
 V - a scroll of magic mapping
 X - a scroll of teleportation
Potions
 c - a potion of ambrosia
 d - 8 potions of blood
 l - a potion of resistance
 q - 4 potions of heal wounds
 v - 4 potions of might
 A - a potion of brilliance
 I - 2 potions of agility
 J - 2 potions of curing
 N - 3 potions of magic
 S - 4 potions of flight
Books
 p - a book of Enchantments

   Spells                             Type                      Level
   a - Cause Fear                     Hexes                        4
   b - Yara's Violent Unravelling     Hexes/Transmutation          5
   c - Silence                        Hexes/Air                    5
   d - Deflect Missiles               Charms/Air                   6
   e - Haste                          Charms                       6
   f - Discord                        Hexes                        8
Miscellaneous
 j - a plain deck of wonders


   Skills:
 + Level 4.1 Fighting
 - Level 10.0(12.0) Short Blades
 * Level 10.2(11.6) Long Blades
 + Level 3.7 Armour
 + Level 5.7 Dodging
 + Level 14.6 Stealth
 + Level 4.2 Shields
 + Level 9.0 Spellcasting
 + Level 14.2 Hexes
 * Level 1.0 Charms
 * Level 1.3 Air Magic


You had 13 spell levels left.
You knew the following spells:

 Your Spells              Type           Power        Failure   Level  Hunger
a - Ensorcelled Hibernat  Hex/Ice        ######       1%          2    None
c - Confuse               Hex            ######..     1%          3    None
d - Deflect Missiles      Chrm/Air       ###.......   99%         6    ######.
f - Haste                 Chrm           ###.....     99%         6    ######.


Dungeon Overview and Level Annotations

Branches:
Dungeon (13/15)            Temple (1/1) D:4            Lair (6/8) D:11
 Shoals (0/4) Lair:3        Snake (0/4) Lair:4
  Slime: Lair:6-8       Orc: D:9-12      Vaults: D:13-14

Altars:
Ashenzari
Cheibriados
Dithmenos
Elyvilon
Fedhas
Gozag
Kikubaaqudgha
Makhleb
Nemelex Xobeh
Okawaru
Pakellas
Qazlal
Ru
Sif Muna
Trog
Vehumet
Xom
Yredelemnul
Zin
The Shining One

Shops:
D:5 :

Annotations:
D:9 exclusion: orc wizard


Innate Abilities, Weirdness & Mutations

You heal slowly.
You have razor-sharp teeth.
You have supernaturally acute eyesight.
You can survive without breathing.
You can translocate small distances at will.
You possess an exceptional clarity of mind.


Message History

Aim: a centaur (chance to defeat MR: 72%)
The centaur struggles to resist.
The centaur hits you but does no damage.
The centaur closely misses you. You block the centaur's attack.
You block the centaur warrior's attack. The centaur hits you!
* * * LOW HITPOINT WARNING * * *
Casting: Ensorcelled Hibernation
Confirm with . or Enter, or press ? or * to list all spells.
Aiming: Ensorcelled Hibernation
Press: ? - help, Shift-Dir - straight line, f/p - centaur
Aim: a centaur (chance to defeat MR: 72%)
The centaur struggles to resist.
The centaur hits you.
* * * LOW HITPOINT WARNING * * *
The centaur barely misses you.
The centaur warrior hits you but does no damage.
The centaur hits you but does no damage.
The centaur hits you.
* * * LOW HITPOINT WARNING * * *
The centaur hits you.
You die...

.#..........#
.?........<.+
............#
............+
............#
#####....####
#.).(######..
#....(.......
###..@c......
#....ccc......
#....###h.....
..>...# ......
......# ......
...... ...##
.#... ....#
#.. ...#


You could see a centaur warrior, 3 centaurs and a hound.

Vanquished Creatures
  Gastronok (Lair:2)
  A minotaur (Lab)
  Fannar (D:12)
  3 hydras
  A centaur warrior (D:12)
  Erica (D:8)
  5 death yaks
  The ghost of Galewind the Thaumaturge, a journeyman DECj of Sif Muna (Lair:2)
  Urug (Lair:2)
  Nergalle (Lair:2)
  An unseen horror (D:9)
  3 orc knights (Bailey)
  An ugly thing (D:11)
  2 black mambas
  A naga mage (Lair:4)
  2 elephants
  2 gargoyles
  8 spiny frogs
  6 komodo dragons
  A snapping turtle (Lair:3)
  3 blink frogs (Lair:2)
  Eustachio (D:6)
  A vampire (D:11)
  22 yaks
  7 hippogriffs
  A basilisk (Lair:6)
  Menkaure (D:7)
  Edmund (D:5)
  7 water moccasins
  8 porcupines
  An ice beast (D:5)
  12 orc warriors
  4 sky beasts
  A phantom (D:8)
  A black bear (D:12)
  9 ogres
  A wasp (D:7)
  17 wolves
  13 centaurs
  7 crocodiles
  3 big kobolds
  A wyvern zombie (D:9)
  A gnoll sergeant (D:7)
  12 giant frogs
  A scorpion (D:6)
  4 killer bees (D:10)
  A wight (D:11)
  4 electric eels
  6 crimson imps
  A centaur zombie (D:10)
  A quasit (D:11)
  2 giant frog zombies
  A wasp zombie (D:9)
  11 hounds
  3 centaur skeletons
  3 giant frog skeletons
  3 jellies
  13 orc wizards
  6 iguanas
  13 worker ants
  14 sheep
  2 hound skeletons
  2 worker ant zombies
  4 gnolls (D:7)
  16 adders
  35 river rats
  2 shadow imps
  An ooze (D:4)
  An adder skeleton (D:4)
  4 worms
  A dart slug (D:3)
  8 giant geckos
  63 orcs
  9 bats
  2 giant cockroaches (D:2)
  5 goblins
  8 hobgoblins
  5 jackals
  21 kobolds
  4 quokkas
  A giant gecko skeleton (D:7)
  7 giant newts
  6 rats
  2 fungi (D:2)
474 creatures vanquished.

Vanquished Creatures (others)
  5 fungi
  2 plants
7 creatures vanquished.

Grand Total: 481 creatures vanquished

Notes
Turn   | Place    | Note
--------------------------------------------------------------
     0 | D:1      | Alarkh the Vampire Enchanter began the quest for the Orb.
     0 | D:1      | Reached XP level 1. HP: 13/13 MP: 3/3
    98 | D:1      | Reached XP level 2. HP: 14/19 MP: 5/5
   102 | D:1      | Learned a level 2 spell: Ensorcelled Hibernation
   944 | D:2      | Reached XP level 3. HP: 24/24 MP: 6/6
   949 | D:2      | Learned a level 3 spell: Confuse
   974 | D:2      | Found a blossoming altar of Fedhas.
  1191 | D:2      | Found a white marble altar of Elyvilon.
  1192 | D:2      | Found an ancient bone altar of Kikubaaqudgha.
  1576 | D:3      | Reached skill level 5 in Stealth
  1610 | D:3      | Reached XP level 4. HP: 30/30 MP: 7/7
  1692 | D:3      | Reached skill level 5 in Hexes
  1998 | D:3      | Noticed a centaur
  2006 | D:3      | Killed a centaur
  2006 | D:3      | Reached XP level 5. HP: 32/35 MP: 9/9
  2085 | D:3      | Found a glowing silver altar of Zin.
  2085 | D:3      | Noticed an angel
  2093 | D:3      | Found a shimmering altar of Xom.
  2131 | D:3      | Noticed a moth of wrath
  2134 | D:3      | Found a bloodstained altar of Trog.
  2666 | D:2      | Found a basalt altar of Yredelemnul.
  2666 | D:2      | Found a shadowy altar of Dithmenos.
  2779 | D:4      | Reached XP level 6. HP: 41/41 MP: 10/10
  2831 | D:4      | Reached skill level 5 in Short Blades
  2933 | D:4      | Found a staircase to the Ecumenical Temple.
  2958 | Temple   | Entered the Ecumenical Temple
  3275 | D:4      | Reached XP level 7. HP: 46/46 MP: 11/11
  3735 | D:5      | Entered Level 5 of the Dungeon
  3761 | D:5      | Found Neisuhee's Book Emporium.
  4104 | D:5      | Found a sparkling altar of Nemelex Xobeh.
  4200 | D:5      | Noticed Edmund
  4204 | D:5      | Found an iron altar of Okawaru.
  4216 | D:5      | Became a worshipper of Warmaster Okawaru
  4220 | D:5      | Killed Edmund
  4339 | D:5      | Reached * piety under Okawaru
  4339 | D:5      | Reached XP level 8. HP: 38/52 MP: 14/14
  4515 | D:6      | Found a deep blue altar of Sif Muna.
  4642 | D:6      | Noticed Eustachio
  4657 | D:6      | Killed Eustachio
  4769 | D:6      | Noticed a gargoyle
  4785 | D:6      | Killed a gargoyle
  4845 | D:6      | Reached ** piety under Okawaru
  4903 | D:6      | Reached skill level 5 in Spellcasting
  5044 | D:6      | Reached XP level 9. HP: 57/57 MP: 16/16
  5435 | D:7      | Reached *** piety under Okawaru
  5477 | D:7      | Noticed Menkaure
  5484 | D:7      | Killed Menkaure
  5484 | D:7      | Reached skill level 10 in Stealth
  5975 | D:8      | Found an oddly glowing altar of Pakellas.
  6150 | D:8      | Noticed Erica
  6171 | D:8      | Killed Erica
  6171 | D:8      | Reached **** piety under Okawaru
  6171 | D:8      | Reached skill level 10 in Short Blades
  6171 | D:8      | Reached skill level 10 in Hexes
  6171 | D:8      | Reached XP level 10. HP: 63/63 MP: 15/19
  6274 | D:8      | Got a twisted leather armour
  6285 | D:8      | Identified the +1 leather armour "Gohipiy" {rF+ rN+ Regen+ Dex-5} (You found it on level 8 of the Dungeon)
  6339 | D:8      | Found a glowing golden altar of the Shining One.
  6427 | D:8      | Reached ***** piety under Okawaru
  6582 | D:9      | Reached skill level 1 in Long Blades
  6701 | D:9      | Noticed an unseen horror
  6737 | D:9      | Killed an unseen horror
  6862 | D:9      | Found a burning altar of Makhleb.
  6863 | D:9      | Found a radiant altar of Vehumet.
  7024 | D:9      | Received a gift from Okawaru
  7112 | D:9      | Found a blossoming altar of Fedhas.
  7296 | D:10     | Entered Level 10 of the Dungeon
  7545 | D:10     | Found a flagged portal.
  7552 | Bailey   | Entered a bailey
  8086 | Bailey   | Reached skill level 5 in Long Blades
  8117 | Bailey   | Noticed an orc knight
  8148 | Bailey   | Killed an orc knight
  8256 | Bailey   | Noticed an orc knight
  8261 | Bailey   | Noticed an orc knight
  8262 | Bailey   | Killed an orc knight
  8262 | Bailey   | Reached XP level 11. HP: 68/68 MP: 21/21
  8287 | Bailey   | Killed an orc knight
  8562 | D:10     | Found a sparkling altar of Nemelex Xobeh.
  9316 | D:11     | Noticed a red ugly thing
  9348 | D:11     | Found a staircase to the Lair.
  9352 | D:11     | Killed a red ugly thing
  9548 | D:11     | Found an oddly glowing altar of Pakellas.
  9556 | D:11     | Received a gift from Okawaru
  9557 | D:11     | Got a fine cloak {god gift}
  9563 | D:11     | Identified the +0 cloak of Sunlight {*Confuse rElec rPois Dex-5} (Okawaru gifted it to you on level 11 of the Dungeon)
  9703 | Lair:1   | Entered Level 1 of the Lair of Beasts
  9703 | Lair:1   | Noticed a five-headed hydra
  9716 | Lair:1   | Reached ****** piety under Okawaru
 10259 | Lair:1   | Killed a three-headed hydra
 10410 | Lair:1   | Reached skill level 1 in Shields
 10754 | Lair:2   | Noticed Galewind's ghost (journeyman DECj)
 10959 | Lair:2   | Found a labyrinth entrance.
 10966 | Lair:2   | Noticed Gastronok
 10968 | Lab      | Entered a labyrinth
 11318 | Lab      | Noticed a minotaur
 11329 | Lab      | Killed a minotaur
 11329 | Lab      | Received a gift from Okawaru
 11329 | Lab      | Reached skill level 1 in Fighting
 11329 | Lab      | Reached XP level 12. HP: 25/76 MP: 13/24
 11332 | Lab      | Got a flickering turquoise ring
 11339 | Lab      | Identified the ring of the Unkillable {Wiz rPois rN++ Int+4} (You took it off a minotaur in a labyrinth)
 11564 | Lair:1   | Reached skill level 1 in Armour
 11826 | Lair:2   | Killed Galewind's ghost
 11840 | Lair:2   | Noticed Nergalle
 11847 | Lair:2   | Killed Nergalle
 12112 | Lair:2   | Noticed Urug
 12302 | Lair:2   | Killed Gastronok
 12464 | Lair:2   | HP: 3/80 [Urug/javelin of returning (21)]
 12822 | Lair:2   | Killed Urug
 12936 | Lair:3   | Noticed a four-headed hydra
 12942 | Lair:3   | Killed a four-headed hydra
 12942 | Lair:3   | Received a gift from Okawaru
 12947 | Lair:3   | Got an iridescent scimitar {god gift}
 12948 | Lair:3   | Identified the +1 scimitar of the Shining Light {drain, +Rage rF+} (Okawaru gifted it to you on level 3 of the Lair of Beasts)
 13213 | Lair:3   | Found a staircase to the Shoals.
 13215 | Lair:3   | Gained mutation: You possess an exceptional clarity of mind. [potion of beneficial mutation]
 13216 | Lair:3   | Gained mutation: You can translocate small distances at will. [potion of beneficial mutation]
 14053 | Lair:4   | Found a staircase to the Snake Pit.
 14591 | Lair:5   | Noticed a seven-headed hydra
 14594 | Lair:5   | Received a gift from Okawaru
 14917 | Lair:5   | Killed a one-headed hydra
 14917 | Lair:5   | Reached XP level 13. HP: 70/86 MP: 11/25
 15075 | Lair:5   | Reached skill level 5 in Dodging
 16463 | Lair:5   | Received a gift from Okawaru
 16463 | Lair:5   | Reached skill level 10 in Long Blades
 16917 | D:12     | Learned a level 6 spell: Haste
 16940 | D:12     | Learned a level 6 spell: Deflect Missiles
 17083 | D:12     | Noticed Fannar
 17110 | D:12     | Killed Fannar
 17335 | D:12     | Reached skill level 1 in Charms
 17340 | D:12     | Reached skill level 1 in Air Magic
 17486 | D:13     | HP: 4/88 [centaur[a centaur warrior] (3)]
 17486 | D:13     | Slain by a centaur

Skill      XL: |  1  2  3  4  5  6  7  8  9 10 11 12 13 |
---------------+----------------------------------------+-----
Short Blades   | 2 3 4 5 6 8 10 | 10.0
Stealth        | 5 6 7 9 10 12 13 14 | 14.6
Hexes          | 5 6 7 8 10 11 13 14 | 14.2
Spellcasting   | 3 4 5 6 7 8 9 |  9.0
Long Blades    | 5 8 9 10 | 10.2
Shields        | 1 3 4 |  4.2
Fighting       | 1 3 4 |  4.1
Armour         | 3 |  3.7
Dodging        | 4 5 |  5.7
Charms         | 1 |  1.0
Air Magic      | 1 |  1.3

Action                   |  1- 3 |  4- 6 |  7- 9 | 10-12 | 13-15 || total
-------------------------+-------+-------+-------+-------+-------++-------
Melee: Dagger            |    47 |    54 |   186 |   254 |     2 ||   543
       Bite              |     9 |     4 |    18 |    47 |    21 ||    99
       Short sword       |    54 |    11 |       |       |       ||    65
       Scimitar          |       |       |       |   466 |   221 ||   687
 Cast: Ensorcelled Hiber |    17 |    33 |    63 |   234 |    39 ||   386
       Confuse           |       |       |    13 |    81 |     5 ||    99
Invok: Heroism           |       |       |       |     2 |     1 ||     3
 Abil: End Transformatio |       |       |       |     4 |     2 ||     6
       Bat Form          |       |       |       |     4 |     2 ||     6
       Blink             |       |       |       |       |     1 ||     1
Evoke: Wand              |       |       |       |     1 |       ||     1
  Use: Scroll            |     3 |     3 |     1 |    26 |     2 ||    35
       Potion            |       |       |     1 |    27 |     4 ||    32
 Stab: Sleeping          |    27 |    29 |    59 |   165 |    32 ||   312
       Distracted        |     1 |       |     1 |     2 |       ||     4
       Confused          |       |       |     9 |    31 |       ||    40
Armor: Robe              |    19 |    13 |    29 |       |       ||    61
       Leather armour    |       |       |       |   225 |    70 ||   295
       Skin              |       |       |       |    11 |       ||    11
Dodge: Dodged            |    35 |    36 |    68 |   455 |   126 ||   720
Block: Buckler           |       |       |       |   132 |    72 ||   204
       Reflection        |       |       |       |       |     2 ||     2
